 Dungeon Crawl Stone Soup version 0.23-a0-445-g768d57b80b (webtiles) character file.

76031 Kublaii the Geomancer (level 15, -1/92 HPs)
             Began as a Gargoyle Earth Elementalist on Oct 11, 2018.
             Was the Champion of Vehumet.
             Killed from afar by Nikola (7 damage)
             ... with a chain lightning
             ... on level 1 of the Swamp on May 10, 2021.
             The game lasted 03:58:44 (17874 turns).

Kublaii the Geomancer (GrEE)                       Turns: 17874, Time: 03:58:46

Health: -1/92      AC: 27    Str: 14    XL:     15   Next: 52%
Magic:  28/30      EV: 15    Int: 33    God:    Vehumet [******]
Gold:   2124       SH:  6    Dex:  8    Spells: 14/32 levels left

rFire    + . .     SeeInvis .   N - staff of earth
rCold    x . .     Gourm    .   i - +2 buckler
rNeg     + . .     Faith    .   B - +1 robe "Xeosoh" {-Tele Regen+ Int+5 Dex-2}
rPois    ∞         Spirit   .   C - +1 hat
rElec    +         Reflect  .   W - +2 cloak
rCorr    .         Harm     .   u - +2 pair of gloves
MR       +....     NoTele   +   V - -6 pair of boots of the Ageless Moons {rF+ rC- Int+5} (curse)
Stlth    ++........             (no amulet)
HPRegen  0.65/turn              Q - +6 ring of protection
MPRegen  0.22/turn              T - +3 ring of intelligence

@: flying
A: big wings, slimy green scales 1, yellow scales 1, high mp 1, negative energy
resistance 1, electricity resistance, unbreathing, petrification resistance, rot
immunity, AC +11
a: Stop Flying, Renounce Religion


You were on level 1 of the Swamp.
You worshipped Vehumet.
Vehumet was exalted by your worship.
You were hungry.

You visited 5 branches of the dungeon, and saw 20 of its levels.

You collected 2410 gold pieces.
You spent 286 gold pieces at shops.

Inventory:

Hand Weapons
 O - the +7 halberd of Tenacity {drain, rC- rN+ Int+2 SInv}
   (You took it off an orc warrior on level 9 of the Dungeon)

   A truly terrible weapon, it drains the life of those it strikes.
   It affects your intelligence (+2).
   It makes you vulnerable to cold.
   It protects you from negative energy.
   It lets you see invisible.
Missiles
 b - 51 stones
 e - 7 javelins
 w - 15 tomahawks (quivered)
 R - 2 tomahawks of dispersal
 S - 7 javelins of penetration
Armour
 i - a +2 buckler (worn)
 u - a +2 pair of gloves (worn)
 B - the +1 robe "Xeosoh" (worn) {-Tele Regen+ Int+5 Dex-2}
   (You found it on level 6 of the Dungeon)

   It affects your intelligence (+5).
   It affects your dexterity (-2).
   It prevents most forms of teleportation.
   It increases your rate of regeneration.
 C - a +1 hat (worn)
 V - the cursed -6 pair of boots of the Ageless Moons (worn) {rF+ rC- Int+5}
   (You found it on level 4 of the Lair of Beasts)

   It affects your intelligence (+5).
   It protects you from fire.
   It makes you vulnerable to cold.
   It has a curse placed upon it.
 W - a +2 cloak (worn)
Magical Staves
 N - an uncursed staff of earth (weapon)
Jewellery
 Q - a +6 ring of protection (left hand)
 T - a +3 ring of intelligence (right hand)
Wands
 n - a wand of iceblast (6)
 p - a wand of digging (6)
 A - a wand of paralysis (34)
 D - a wand of disintegration (8)
 H - a wand of acid (15)
 I - a wand of scattershot (1)
 M - a wand of flame (47)
 Y - a wand of clouds (3)
Scrolls
 g - 4 scrolls of identify
 j - 7 scrolls of teleportation
 x - 8 scrolls of remove curse
 U - a scroll of magic mapping {unknown}
 X - a scroll of acquirement {unknown}
Potions
 a - 4 potions of heal wounds
 f - 2 potions of agility
 m - 7 potions of curing
 q - a potion of might
 v - 3 potions of haste
 z - a potion of invisibility {unknown}
Miscellaneous
 y - a lamp of fire
Comestibles
 c - 2 chunks of flesh
 d - 27 rations


   Skills:
 - Level 10.0 Fighting
   Level 5.1(9.1) Maces & Flails
 - Level 11.5(12.0) Staves
 + Level 4.8 Armour
 + Level 8.6 Dodging
 - Level 2.1 Stealth
 - Level 4.0 Shields
 - Level 9.0 Spellcasting
 + Level 7.3 Conjurations
 - Level 0.7 Transmutations
 - Level 12.0 Earth Magic
 + Level 11.2 Evocations


You had 14 spell levels left.
You knew the following spells:

 Your Spells              Type           Power        Failure   Level  Hunger
a - Sandblast             Erth           ######       0%          1    None
b - Stone Arrow           Conj/Erth      ######       1%          3    None
c - Lee's Rapid Deconstr  Erth           #######...   1%          5    ###....
d - Passwall              Tmut/Erth      ######..     1%          2    None
e - Orb of Destruction    Conj           ######....   32%         7    ######.

Your spell library contained the following spells:

 Spells                   Type           Power        Failure   Level  Hunger
 Beastly Appendage        Tmut           ###...       2%          1    None
 Inner Flame              Hex/Fire       ##......     2%          3    None
 Leda's Liquefaction      Hex/Erth       ######....   2%          4    None
 Petrify                  Tmut/Erth      ######..     2%          4    None
 Confusing Touch          Hex            ##....       3%          1    None
 Corona                   Hex            ##.....      3%          1    None
 Summon Small Mammal      Summ           ##..         3%          1    None
 Sticks to Snakes         Tmut           ###.....     3%          2    None
 Call Imp                 Summ           ##......     4%          2    None
 Slow                     Hex            ##......     4%          2    None
 Spider Form              Tmut/Pois      ###.......   9%          3    None
 Call Canine Familiar     Summ           ##......     10%         3    None
 Portal Projectile        Hex/Tloc       ##....       10%         3    None
 Summon Guardian Golem    Hex/Summ       ##......     10%         3    None
 Ice Form                 Ice/Tmut       ###.....     26%         4    None
 Cause Fear               Hex            ##........   30%         4    None
 Summon Ice Beast         Ice/Summ       ##......     30%         4    None
 Summon Lightning Spire   Summ/Air       ##......     30%         4    None
 Blade Hands              Tmut           ###.......   54%         5    ###....


Dungeon Overview and Level Annotations

Branches:
Dungeon (10/15)            Temple (1/1) D:4            Lair (6/6) D:8
  Swamp (1/4) Lair:2        Snake (0/4) Lair:4        Slime (0/5) Lair:6
    Orc (2/2) D:10            Elf (0/3) Orc:2

Altars:
Ashenzari
Cheibriados
Dithmenos
Elyvilon
Fedhas
Hepliaklqana
Kikubaaqudgha
Makhleb
Nemelex Xobeh
Qazlal
Ru
Sif Muna
Uskayaw
Vehumet
Wu Jian
Xom
Yredelemnul
Zin
The Shining One
Beogh
Jiyva

Shops:
Orc:2 [(!%

Annotations:
Swamp:1 Josephine, Nikola


Innate Abilities, Weirdness & Mutations

You are resistant to torment.
Your stone body is resilient. (AC +11)
You are immune to poison.
Your large and strong wings let you fly indefinitely.
You resist negative energy. (rN+)
You are resistant to electric shocks. (rElec)
You can survive without breathing.
You are immune to petrification.
You are immune to rotting.
You are partially covered in slimy green scales. (AC +2)
You are partially covered in yellow scales. (AC +2)
You have an increased reservoir of magic. (+10% MP)


Message History

You feel your power returning.
The blast of rock fragments hits the wraith.
The wraith is moderately damaged.
The swamp worm misses you. The spiny frog stings you!
* * * LOW HITPOINT WARNING * * *
You block Nikola's attack.
You feel much better. The swamp worm bites you!
* * * LOW HITPOINT WARNING * * *
You block the spiny frog's attack.
Nikola casts a spell.
You hear a mighty clap of thunder!
The lightning arc hits you! You resist.
* * * LOW HITPOINT WARNING * * *
The lightning arc hits the wraith.
The lightning arc hits you! You resist.
* * * LOW HITPOINT WARNING * * *
The lightning arc hits the spiny frog.
The lightning arc hits Josephine.
The lightning arc hits the spiny frog.
The spiny frog dies!
The lightning arc hits you! You resist.
You die...

.♣ ♣...♣♣♣..§ ≈.≈
...≈♣♣.≈.≈≈..†♣♣ ♣♣≈♣♣
≈≈≈............♣♣ ♣.§.♣♣
≈≈≈≈≈≈≈≈........♣♣♣≈≈...
.≈≈≈≈≈.≈.W..###D.♣♣≈.≈§.
...≈≈≈...#÷†..##§..≈.≈≈(
♣≈..w...#.....##§...≈≈≈
♣≈≈wW#...#§.....♣..≈≈
♣.≈.@†@.#.#..#.÷♣..y.
♣.≈.@W...#...#..♣≈...
♣..≈..##.....##..♣≈.≈.
♣..≈≈..##...#...♣♣≈≈..
♣≈≈..♣. #####..♣♣♣♣♣§.
♣♣♣♣♣ ♣. ..♣♣ ♣♣≈ ♣ ..♣♣
♣♣ ♣♣♣ ≈ ≈≈


You could see Nikola, Josephine, 2 swamp worms and 3 wraiths.

Vanquished Creatures
  4 stone giants
  A fire dragon (Lair:6)
  Harold (D:9)
  4 ogre magi (Orc:2)
  10 hydras
  2 catoblepae
  Erica (D:10)
  The ghost of Nixze the Cleaver, a novice HOFi of Beogh (D:9)
  An alligator (Swamp:1)
  5 death yaks
  11 two-headed ogres (Orc:2)
  A fire crab (Lair:6)
  2 swamp dragons (Swamp:1)
  A lindwurm (Lair:3)
  An orc knight (Orc:1)
  A manticore (Lair:5)
  A cyclops (Orc:1)
  An orc sorcerer (Orc:1)
  Joseph (D:10)
  7 elephants
  3 molten gargoyles (Lair:6)
  4 black mambas
  13 spiny frogs
  5 rime drakes
  10 komodo dragons
  A queen bee (Lair:4)
  A polar bear (Lair:5)
  2 meliai (Lair:4)
  3 trolls
  A tyrant leech (Swamp:1)
  2 slime creatures (Lair:6)
  10 blink frogs
  15 hippogriffs
  4 dream sheep (Lair:5)
  13 yaks
  15 wyverns
  Grum (D:10)
  Eustachio (D:5)
  A hungry ghost (D:10)
  12 basilisks
  A human (D:10)
  4 steam dragons
  A vampire mosquito (Swamp:1)
  2 wargs
  A swamp worm (Swamp:1)
  6 nagas (Lair:4)
  18 water moccasins
  4 hell hounds (Lair:6)
  20 orc warriors
  A swamp drake (Swamp:1)
  9 porcupines
  3 phantoms
  An ice beast (D:10)
  31 ogres
  4 wolves
  3 sky beasts
  2 necrophages
  18 crocodiles
  A big kobold (D:9)
  17 bullfrogs
  A wyvern zombie (D:8)
  2 gnoll sergeants
  A troll zombie (D:10)
  A scorpion (D:10)
  39 killer bees
  8 wights
  4 howler monkeys
  4 crimson imps
  A centaur zombie (D:9)
  5 lava snakes (Lair:6)
  A bullfrog zombie (D:10)
  Crazy Yiuf (D:2)
  3 hounds
  A bullfrog skeleton (D:4)
  13 orc priests
  20 orc wizards
  Jessica (D:2)
  2 iguanas
  4 centaur skeletons
  5 worker ants
  7 ogre zombies (D:10)
  A hound skeleton (D:9)
  A worker ant zombie (D:7)
  15 gnolls
  A howler monkey skeleton (D:7)
  14 adders
  4 shadow imps
  2 oozes
  An adder zombie (D:6)
  2 adder skeletons
  2 worms
  2 dart slugs
  3 leopard geckos
  70 orcs
  5 giant cockroaches
  7 goblins
  4 hobgoblins
  9 jackals
  4 quokkas
  2 ball pythons
  11 bats
  A frilled lizard (D:3)
  A goblin skeleton (D:10)
  4 goblin zombies (D:10)
  3 hobgoblin zombies (D:10)
  11 kobolds
  2 orc skeletons (D:10)
  15 orc zombies (D:10)
  2 quokka skeletons
  9 rats
653 creatures vanquished.

Vanquished Creatures (collateral kills)
  A lindwurm (Lair:4)
1 creature vanquished.

Vanquished Creatures (others)
  A spiny frog (Swamp:1)
  A meliai (Lair:4)
  A wraith (Swamp:1)
  10 fungi
  9 plants
  3 toadstools (D:3)
25 creatures vanquished.

Grand Total: 679 creatures vanquished

Notes
Turn   | Place    | Note
-------+----------+-------------------------------------------
     0 | D:1      | Kublaii the Gargoyle Earth Elementalist began the quest for
                  | the Orb.
     0 | D:1      | Reached XP level 1. HP: 10/10 MP: 3/3
   154 | D:1      | Reached XP level 2. HP: 13/15 MP: 1/5
   158 | D:1      | Reached skill level 4 in Earth Magic
   625 | D:1      | Reached XP level 3. HP: 11/19 MP: 6/6
   630 | D:1      | Learned a level 3 spell: Stone Arrow
   900 | D:2      | Found a runed door.
   992 | D:2      | Reached XP level 4. HP: 21/24 MP: 4/8
  1009 | D:2      | Reached skill level 5 in Earth Magic
  1010 | D:2      | Reached XP level 5. HP: 25/28 MP: 1/10
  1086 | D:2      | Noticed Jessica
  1098 | D:2      | Killed Jessica
  1306 | D:2      | Reached skill level 1 in Conjurations
  1315 | D:2      | Found an ornate altar of the Wu Jian Council.
  1537 | D:2      | Found a shimmering altar of Xom.
  1543 | D:2      | Found a sparkling altar of Nemelex Xobeh.
  1718 | D:2      | Noticed Crazy Yiuf
  1722 | D:2      | Killed Crazy Yiuf
  1722 | D:2      | Reached skill level 6 in Earth Magic
  1722 | D:2      | Reached XP level 6. HP: 32/32 MP: 8/12
  1916 | D:3      | Found a burning altar of Makhleb.
  1990 | D:3      | Found a stormy altar of Qazlal.
  2287 | D:3      | Found a deep blue altar of Sif Muna.
  2653 | D:4      | Found a blossoming altar of Fedhas.
  2679 | D:4      | Found a staircase to the Ecumenical Temple.
  2689 | Temple   | Entered the Ecumenical Temple
  2728 | Temple   | Became a worshipper of Vehumet
  2809 | D:4      | Reached XP level 7. HP: 36/36 MP: 11/13
  3591 | D:4      | Reached skill level 1 in Fighting
  3591 | D:4      | Reached skill level 1 in Shields
  3798 | D:4      | Reached skill level 7 in Earth Magic
  3814 | D:4      | Learned a level 5 spell: Lee's Rapid Deconstruction
  3920 | D:5      | Entered Level 5 of the Dungeon
  4003 | D:5      | Reached skill level 5 in Spellcasting
  4031 | D:5      | Noticed Eustachio
  4041 | D:5      | Killed Eustachio
  4041 | D:5      | Reached skill level 1 in Maces & Flails
  4041 | D:5      | Reached XP level 8. HP: 45/45 MP: 7/15
  4494 | D:6      | Reached * piety under Vehumet
  4494 | D:6      | Offered knowledge of Shock by Vehumet.
  5055 | D:6      | Got a bloodstained robe
  5066 | D:6      | Identified the cursed +1 robe "Xeosoh" {-Tele Regen+ Int+5
                  | Dex-2} (You found it on level 6 of the Dungeon)
  5378 | D:7      | Noticed a hippogriff
  5393 | D:7      | Killed a hippogriff
  5421 | D:7      | Reached XP level 9. HP: 51/51 MP: 14/17
  5458 | D:7      | Reached skill level 1 in Evocations
  5568 | D:7      | Reached skill level 8 in Earth Magic
  5768 | D:7      | Found a shimmering altar of Xom.
  5972 | D:8      | Reached skill level 5 in Conjurations
  6068 | D:8      | Reached ** piety under Vehumet
  6093 | D:8      | Found a staircase to the Lair.
  6143 | D:8      | Offered knowledge of Sting by Vehumet.
  6406 | D:8      | Got a clouded granite ring
  6462 | D:8      | Identified the ring "Lust" {rF+ rC+} (You took it off an
                  | orc priest on level 8 of the Dungeon)
  6741 | Lair:1   | Entered Level 1 of the Lair of Beasts
  6780 | Lair:1   | Reached XP level 10. HP: 58/58 MP: 17/19
  6814 | Lair:1   | Reached skill level 5 in Fighting
  6857 | Lair:1   | Reached skill level 9 in Earth Magic
  7148 | Lair:1   | Noticed an eight-headed hydra
  7158 | Lair:1   | Killed an eight-headed hydra
  7158 | Lair:1   | Reached skill level 5 in Maces & Flails
  7158 | Lair:1   | Reached skill level 1 in Staves
  7160 | Lair:1   | Noticed a spiny frog
  7170 | Lair:1   | Offered knowledge of Searing Ray by Vehumet.
  7208 | Lair:1   | Killed a spiny frog
  7208 | Lair:1   | Reached XP level 11. HP: 61/64 MP: 10/21
  7596 | Lair:2   | Found a staircase to the Swamp.
  7697 | Lair:2   | Upgraded the game from 0.23-a0-309-ge7838e6b1f to
                  | 0.23-a0-417-gf02c810438
  7737 | Lair:2   | Reached *** piety under Vehumet
  7744 | Lair:2   | Noticed a catoblepas
  7768 | Lair:2   | Killed a catoblepas
  7971 | Lair:2   | Reached skill level 5 in Evocations
  8254 | Lair:2   | Offered knowledge of Dazzling Spray by Vehumet.
  8257 | Lair:2   | Reached skill level 5 in Dodging
  8427 | Lair:2   | Noticed an eight-headed hydra
  8433 | Lair:2   | Killed an eight-headed hydra
  8628 | Lair:3   | Reached skill level 5 in Staves
  8702 | Lair:3   | Noticed an eight-headed hydra
  8715 | Lair:3   | Killed an eight-headed hydra
  8715 | Lair:3   | Reached XP level 12. HP: 72/72 MP: 15/22
  8797 | Lair:3   | Noticed a death yak
  8797 | Lair:3   | Noticed a death yak
  8797 | Lair:3   | Noticed a death yak
  8821 | Lair:3   | Killed a death yak
  8827 | Lair:3   | Killed a death yak
  8840 | Lair:3   | Killed a death yak
  9426 | Lair:4   | Got a pair of steaming boots
  9437 | Lair:4   | Identified the cursed -6 pair of boots of the Ageless Moons
                  | {rF+ rC- Int+5} (You found it on level 4 of the Lair of
                  | Beasts)
  9496 | Lair:4   | Reached **** piety under Vehumet
  9647 | Lair:4   | Offered knowledge of Iskenderun's Mystic Blast by Vehumet.
  9698 | Lair:4   | Noticed an eight-headed hydra
  9714 | Lair:4   | Killed an eight-headed hydra
  9869 | Lair:4   | Noticed a death yak
  9886 | Lair:4   | Killed a death yak
  9886 | Lair:4   | Noticed a death yak
  9889 | Lair:4   | Reached XP level 13. HP: 36/76 MP: 10/23
 10169 | Lair:4   | Found a staircase to the Snake Pit.
 10301 | Lair:4   | Reached ***** piety under Vehumet
 10808 | D:3      | Identified Sif Muna's Almanac of the Ten Wonders
 11027 | Lair:5   | Upgraded the game from 0.23-a0-417-gf02c810438 to
                  | 0.23-a0-445-g768d57b80b
 11041 | Lair:5   | Gained mutation: Your skin changes colour to match your
                  | surroundings (Stealth+). [potion of mutation]
 11041 | Lair:5   | Lost mutation: Your skin changes colour to match your
                  | surroundings (Stealth+). [potion of mutation]
 11041 | Lair:5   | Gained mutation: Your magical capacity is low. (-10% MP)
                  | [potion of mutation]
 11041 | Lair:5   | Gained mutation: You are partially covered in yellow
                  | scales. (AC +2) [potion of mutation]
 11042 | Lair:5   | Lost mutation: Your magical capacity is low. (-10% MP)
                  | [potion of mutation]
 11042 | Lair:5   | Gained mutation: You have an increased reservoir of magic.
                  | (+10% MP) [potion of mutation]
 11042 | Lair:5   | Gained mutation: You are partially covered in slimy green
                  | scales. (AC +2) [potion of mutation]
 11113 | Lair:5   | Offered knowledge of Olgreb's Toxic Radiance by Vehumet.
 11483 | Lair:5   | Reached skill level 10 in Staves
 11557 | Lair:5   | Reached skill level 10 in Evocations
 12050 | Lair:6   | Entered Level 6 of the Lair of Beasts
 12214 | Lair:6   | Gained mutation: Your large and strong wings let you fly
                  | indefinitely. [Gargoyle growth]
 12214 | Lair:6   | Reached XP level 14. HP: 87/87 MP: 22/27
 12234 | Lair:6   | Reached skill level 10 in Fighting
 12492 | Lair:6   | Reached skill level 10 in Earth Magic
 12493 | Lair:6   | Offered knowledge of Throw Icicle by Vehumet.
 12537 | Lair:6   | Found a large runed door.
 12537 | Lair:6   | Found a large runed door.
 13168 | Lair:6   | Found a runed door.
 13169 | Lair:6   | Found a viscous altar of Jiyva.
 13170 | Lair:6   | Found a staircase to the Slime Pits.
 13566 | D:9      | Found a runed gate.
 13566 | D:9      | Found a runed gate.
 13568 | D:9      | Found a runed gate.
 13576 | D:9      | Noticed Nixze's ghost (novice HOFi)
 13581 | D:9      | Identified the +7 halberd of Tenacity {drain, rC- rN+ Int+2
                  | SInv}
 13620 | D:9      | Found a shadowy altar of Dithmenos.
 13844 | D:9      | Noticed Harold
 13860 | D:9      | Killed Harold
 14039 | D:9      | Found a roughly hewn altar of Beogh.
 14085 | D:9      | Killed Nixze's ghost
 14085 | D:9      | Reached skill level 11 in Earth Magic
 14088 | D:9      | Offered knowledge of Yara's Violent Unravelling by Vehumet.
 14167 | D:10     | Entered Level 10 of the Dungeon
 14194 | D:10     | Noticed Joseph
 14199 | D:10     | Killed Joseph
 14315 | D:10     | Found a staircase to the Orcish Mines.
 14608 | D:10     | Noticed Grum
 14625 | D:10     | Killed Grum
 14732 | D:10     | Noticed Erica
 14745 | D:10     | Killed Erica
 15232 | Orc:1    | Entered Level 1 of the Orcish Mines
 15232 | Orc:1    | Noticed a stone giant
 15248 | Orc:1    | Killed a stone giant
 15254 | Orc:1    | Noticed a stone giant
 15404 | D:10     | HP: 1/88 [stone giant (25)]
 15408 | D:10     | Killed a stone giant
 15421 | Orc:1    | Offered knowledge of Iskenderun's Battlesphere by Vehumet.
 15605 | Orc:1    | Reached ****** piety under Vehumet
 15928 | Orc:1    | Learned a level 2 spell: Passwall
 15943 | Orc:2    | Entered Level 2 of the Orcish Mines
 16064 | Orc:2    | Reached XP level 15. HP: 92/92 MP: 30/30
 16074 | Orc:2    | Reached skill level 1 in Armour
 16123 | Orc:2    | HP: 4/92 [ogre/+0 giant club (13)]
 16130 | Orc:2    | Reached skill level 12 in Earth Magic
 16417 | Orc:2    | Found Xir Uqiv's Distillery.
 16417 | Orc:2    | Found Huadas's Armour Shoppe.
 16418 | Orc:2    | Found Bimagiov's Food Emporium.
 16418 | Orc:2    | Found Idghuc Minka's Antique Weapon Boutique.
 16477 | Orc:2    | Found a staircase to the Elven Halls.
 16642 | Orc:2    | Bought a potion of might for 52 gold pieces
 16642 | Orc:2    | Bought a potion of heal wounds for 65 gold pieces
 16642 | Orc:2    | Bought a potion of heal wounds for 65 gold pieces
 16642 | Orc:2    | Bought a potion of cancellation for 104 gold pieces
 17040 | Orc:1    | Found a roughly hewn altar of Beogh.
 17274 | Swamp:1  | Entered Level 1 of the Swamp
 17454 | Lair:6   | Offered knowledge of Orb of Destruction by Vehumet.
 17463 | Lair:6   | Learned a level 7 spell: Orb of Destruction
 17842 | Swamp:1  | Identified the +0 pair of gloves of the Untouchables {rCorr
                  | Str+3}
 17842 | Swamp:1  | Noticed Nikola
 17864 | Swamp:1  | Noticed Josephine
 17874 | Swamp:1  | Killed from afar by Nikola

Vault maps used:
D:1:      onia_arrival_larder
D:2:      minmay_wonky_spiral, minmay_overflow_temple_star_quad, uniq_jessica,
          uniq_crazy_yiuf_cottage
D:3:      makhleb_blood_cavern_becter, led_sif_book, minmay_gold_behind_fungi,
          grunt_qazlal_sundering
D:4:      fedhas_altar_3, minmay_temple_entry_statues_fountains, first_ration
D:5:      uniq_eustachio
D:7:      xom_teletrap_fun
D:8:      lair_entry_dummy
D:9:      nicolae_dithmenos_shadow_blocks, biasface_ghost_orc_armoury,
          uniq_harold
D:10:     zombieorc2_lemuel, hangedman_stone_soup, uniq_joseph, uniq_erica,
          uniq_grum
Temple:   regret_index_temple_waves
Lair:1:   st_stairs_10, beast_lair_carwin_6, lemuel_fruit_fields,
          serial_bayou_shore_b, grunt_megastairs_4
Lair:2:   cheibrodos_lair_river_kwai, swamp_mist_pool
Lair:4:   regret_index_wax_grids, minmay_snake_entry_guardpost_medium,
          chequers_serial_rivers_micro_c, minivault_27,
          nicolae_lair_grove_arrangements, minivault_27,
          infiniplex_staircase_pool_2
Lair:6:   cheibrodos_lair_end_hotspot, slime_altar_2
Swamp:1:  evilmike_swamp_ruin_house_3, swamp_pool5, uniq_nikola, uniq_roxanne,
          uniq_josephine
Orc:1:    basic_altar, minmay_orc_keep
Orc:2:    st_orc_ogre_mass

Skill      XL: |  1  2  3  4  5  6  7  8  9 10 11 12 13 14 15 |
---------------+----------------------------------------------+-----
Earth Magic    | 4 5 6 7 8 9 11 12 | 12.0
Spellcasting   | 3 4 5 6 7 9 |  9.0
Conjurations   | 1 2 3 4 5 6 7 |  7.3
Fighting       | 2 3 4 6 7 9 10 | 10.0
Shields        | 2 3 4 |  4.0
Maces & Flails | 1 2 4 5 |  5.1
Evocations     | 2 4 6 8 10 11 | 11.2
Dodging        | 2 3 5 7 8 |  8.6
Staves         | 1 5 8 10 11 | 11.5
Armour         | 4 |  4.8
Stealth        | |  2.1
Transmutations | |  0.7

Action                   |  1- 3 |  4- 6 |  7- 9 | 10-12 | 13-15 || total
-------------------------+-------+-------+-------+-------+-------++-------
Melee: Club              |    62 |   121 |   111 |       |       ||   294
       Flail             |       |       |   166 |   113 |       ||   279
       Staff             |       |       |       |   153 |   751 ||   904
Throw: Tomahawk          |       |       |     3 |     3 |     6 ||    12
 Cast: Sandblast         |    17 |    52 |   121 |   136 |   268 ||   594
       Stone Arrow       |       |       |     6 |    20 |   105 ||   131
       Lee's Rapid Decon |       |       |       |    22 |    67 ||    89
 Abil: Fly               |       |       |       |       |     1 ||     1
Evoke: Wand              |       |       |     1 |     3 |       ||     4
  Use: Scroll            |       |     5 |     9 |     3 |     7 ||    24
       Potion            |       |       |     3 |     5 |    14 ||    22
 Stab: Sleeping          |     4 |     1 |     1 |       |     1 ||     7
  Eat: Chunk             |       |     4 |    11 |    15 |    28 ||    58
       Ration            |       |     1 |       |       |     2 ||     3
Armor: Robe              |    22 |    70 |   166 |   165 |   280 ||   703
Dodge: Dodged            |    43 |   108 |   175 |   243 |   417 ||   986
Block: Buckler           |       |       |    44 |    96 |   184 ||   324

Table legend:
 A = Non-vault XP
 B = Vault XP
 C = Vault XP percentage of total XP
 D = Non-vault monster count
 E = Vault monster count
 F = Vault count percentage of total count
                 A         B        C        D         E       F
            +---------+---------+-------+---------+---------+-------
      Total |   54735 |   53881 |  49.6 |     412 |     244 |  37.2
            +---------+---------+-------+---------+---------+-------
        D:1 |      34 |       2 |   5.6 |      18 |       1 |   5.3
        D:2 |     221 |      81 |  26.8 |      24 |       3 |  11.1
        D:3 |     178 |     117 |  39.7 |      27 |       3 |  10.0
        D:4 |     478 |       0 |   0.0 |      21 |       0 |   0.0
        D:5 |     375 |     197 |  34.4 |      20 |       1 |   4.8
        D:6 |     435 |       0 |   0.0 |      15 |       0 |   0.0
        D:7 |     762 |       0 |   0.0 |      15 |       0 |   0.0
        D:8 |    1387 |       0 |   0.0 |      23 |       0 |   0.0
        D:9 |    1851 |    2589 |  58.3 |      37 |      14 |  27.5
       D:10 |    3878 |    2774 |  41.7 |      31 |      45 |  59.2
     Lair:1 |    3091 |    2505 |  44.8 |      17 |      10 |  37.0
     Lair:2 |    5231 |    2460 |  32.0 |      21 |       6 |  22.2
     Lair:3 |    6161 |       0 |   0.0 |      13 |       0 |   0.0
     Lair:4 |    4327 |   10276 |  70.4 |      19 |      57 |  75.0
     Lair:5 |    6881 |    6570 |  48.8 |      21 |      26 |  55.3
     Lair:6 |    6083 |    9705 |  61.5 |      18 |      32 |  64.0
    Swamp:1 |    3937 |       0 |   0.0 |      10 |       0 |   0.0
      Orc:1 |    4644 |     259 |   5.3 |      27 |       9 |  25.0
      Orc:2 |    4781 |   16346 |  77.4 |      35 |      37 |  51.4
            +---------+---------+-------+---------+---------+-------
